Map: Blaustich LE

Players

Karnigel - Winner!

  • Race: Zerg Zerg
  • League: Platinum
  • Spawn Location: 1:00

Fearol

  • Race: Protoss Protoss
  • League: Diamond
  • Spawn Location: 7:00

VOD

Have the link to the VOD?

Description

Time

  • Played on: Jan. 5, 2019, 6:54 a.m.
  • Length: 14:52
Show
View Real Time Build Order
Export as new Build Order

Karnigel Zerg - Winner!

Build Orders: Pool First, Brood Lord Corruptor 

Get SALT Encoding   

  12  0:02  Drone  
  14  0:14  Drone  
  14  0:17  Overlord  
  14  0:36  Spawning Pool  
  14  0:42  Drone x2  
  15  0:46  Drone  
  16  0:53  Drone  
  17  1:13  Hatchery  
  17  1:15  Drone  
  17  1:24  Queen  
  19  1:30  Zergling x2, Extractor  
  19  1:35  Drone  
  20  1:40  Overlord  
  20  1:50  Drone  
  21  2:00  Queen  
  23  2:01  Overlord  
  23  2:08  Drone  
  24  2:23  Drone  
  24  2:25  Queen  
  27  2:50  Drone x7  
  33  3:00  Queen  
  33  3:01  Overlord  
  35  3:09  Zergling x4  
  37  3:17  Metabolic Boost, Evolution Chamber  
  36  3:21  Drone x3  
  36  3:24  Zergling x2  
  40  3:44  Zergling x2  
  40  3:45  Zergling x4  
  43  3:49  Zerg Melee Weapons Level 1  
  43  3:53  Drone  
  43  3:54  Hatchery  
  43  4:03  Overlord  
  43  4:04  Overlord x2  
  43  4:07  Spore Crawler  
  42  4:11  Spore Crawler  
  41  4:20  Overlord x2  
  41  4:24  Drone x2  
  41  4:25  Drone  
  44  4:33  Drone x3  
  44  4:34  Drone  
  48  4:51  Drone  
  48  4:52  Drone x8  
  57  4:55  Extractor  
  56  5:00  Pneumatized Carapace  
  56  5:02  Lair  
  56  5:10  Overlord  
  56  5:11  Baneling Nest  
  55  5:19  Zergling x2  
  55  5:20  Zergling x8  
  60  5:24  Zergling x2  
  60  5:25  Zergling x6  
  60  5:31  Zergling x2  
  58  5:44  Zergling x12  
  58  5:49  Overlord  
  59  6:08  Zerg Melee Weapons Level 2  
  59  6:09  Evolution Chamber  
  57  6:19  Zergling x20  
  67  6:39  Hatchery  
  66  6:40  Baneling x4  
  66  6:41  Baneling x2, Zergling x2  
  66  6:42  Zergling x16  
  66  6:43  Hatchery  
  66  6:44  Baneling x3  
  74  6:58  Extractor  
  74  6:59  Drone x3  
  74  7:00  Overlord x3  
  76  7:09  Extractor  
  76  7:11  Baneling x2  
  76  7:12  Baneling x3  
  75  7:16  Zergling x2  
  75  7:19  Drone x6  
  59  7:54  Spire  
  55  7:59  Zergling x20  
  55  8:00  Zergling x12  
  55  8:03  Centrifical Hooks, Extractor  
  68  8:08  Overlord  
  68  8:10  Overlord  
  68  8:17  Infestation Pit  
  67  8:32  Drone x3  
  70  8:36  Drone, Extractor  
  70  8:37  Drone x12  
  80  9:01  Drone x2  
  80  9:02  Drone  
  83  9:05  Hive  
  83  9:12  Corruptor x2  
  83  9:13  Spire  
  83  9:14  Overlord x2  
  86  9:17  Drone  
  86  9:18  Drone x2  
  89  9:26  Overlord  
  89  9:27  Overlord x2  
  89  9:28  Overseer x2  
  89  9:30  Baneling  
  89  9:31  Baneling x4  
  89  9:36  Drone  
  89  9:37  Drone x7  
  97  9:56  Corruptor x3, Baneling x2  
  103  10:01  Spore Crawler  
  103  10:02  Overlord x3  
  103  10:04  Overseer  
  103  10:06  Overseer  
  102  10:12  Queen x2  
  106  10:26  Greater Spire  
  106  10:28  Zerg Flyer Armor Level 1  
  106  10:29  Corruptor  
  106  10:31  Overlord  
  106  10:32  Overlord  
  108  10:37  Extractor  
  108  10:38  Drone x3, Extractor  
  108  10:39  Drone x3  
  112  10:59  Corruptor x2  
  112  11:00  Viper  
  112  11:01  Corruptor x2  
  112  11:03  Zergling x2  
  126  11:04  Zergling x32  
  140  11:18  Corruptor x3  
  140  11:25  Baneling x4  
  146  11:30  Corruptor x2  
  150  11:45  Brood Lord  
  150  11:46  Brood Lord  
  154  11:48  Hatchery  
  154  11:50  Zergling x2  
  154  11:51  Zergling x20  
  164  12:01  Brood Lord x2  
  165  12:32  Corruptor x3  
  165  12:35  Brood Lord x3  
  177  12:42  Adrenal Glands  
  177  13:10  Baneling x5  
  177  13:11  Baneling x5  
  177  13:26  Baneling x3  
  177  13:30  Baneling x2  
  177  13:33  Brood Lord x4  
  185  13:34  Corruptor  
  185  13:35  Corruptor  
  185  13:37  Zergling x2  
  185  13:38  Zergling x18  
  199  13:55  Corruptor  
  187  13:56  Corruptor x3  
  195  14:21  Baneling x4  
  195  14:22  Baneling x3  
Show
View Real Time Build Order
Export as new Build Order

Fearol Protoss 

Build Orders:  

Get SALT Encoding   

  12  0:01  Probe  
  13  0:13  Probe  
  14  0:22  Pylon  
  14  0:27  Assimilator, Probe  
  15  0:45  Gateway  
  15  0:51  Probe  
  16  1:03  Probe  
  17  1:15  Probe  
  18  1:27  Probe  
  19  1:40  Cybernetics Core  
  19  1:46  Nexus  
  19  1:48  Pylon  
  19  1:53  Assimilator  
  19  1:55  Probe  
  19  1:58  Warp Gate  
  20  2:08  Probe  
  21  2:19  Adept  
  21  2:20  Probe  
  24  2:36  Probe  
  25  2:48  Probe  
  26  2:57  Probe  
  27  3:00  Probe  
  27  3:04  Stalker  
  30  3:09  Probe  
  30  3:11  Pylon  
  31  3:13  Probe  
  32  3:20  Gateway  
  32  3:22  Probe, Gateway  
  32  3:24  Stalker, Gateway  
  35  3:44  Robotics Facility  
  35  4:02  Probe  
  36  4:05  Assimilator  
  36  4:10  Assimilator  
  36  4:12  Pylon  
  36  4:14  Shield Battery, Probe  
  37  4:20  Stalker x2  
  37  4:23  Stalker  
  43  4:25  Probe  
  43  4:28  Stalker  
  43  4:31  Probe  
  46  4:33  Probe  
  48  4:39  Probe  
  48  4:41  Probe  
  50  4:47  Probe  
  50  4:52  Probe  
  51  4:55  Probe  
  53  5:04  Probe  
  53  5:06  Robotics Bay  
  54  5:07  Probe, Forge  
  54  5:09  Forge  
  55  5:16  Probe  
  44  6:11  Protoss Ground Armor Level 1, Extended Thermal Lance  
  44  6:12  Colossus  
  44  6:13  Stalker x4, Probe  
  51  6:21  Probe, Protoss Ground Weapons Level 1  
  58  6:31  Pylon  
  58  6:37  Stalker x2  
  62  6:43  Pylon x2  
  62  6:45  Pylon  
  62  6:50  Stalker x2  
  66  6:58  Gateway  
  66  6:59  Gateway  
  66  7:00  Gateway x2  
  66  7:08  Twilight Council  
  66  7:14  Gateway x2  
  66  7:16  Pylon  
  66  7:18  Pylon  
  66  7:25  Colossus  
  36  7:47  Zealot x4  
  31  7:55  Zealot x3  
  36  8:06  Probe  
  36  8:09  Probe  
  38  8:17  Probe  
  39  8:25  Probe  
  39  8:26  Probe  
  39  8:33  Probe  
  41  8:34  Probe  
  43  8:44  Probe  
  44  8:56  Probe  
  44  8:59  Gateway  
  45  9:03  Probe  
  46  9:14  Gateway  
  46  9:18  Observer  
  47  9:27  Probe  
  47  9:28  Gateway  
  47  9:31  Probe  
  49  9:39  Probe  
  50  9:51  Probe  
  51  10:04  Probe  
  52  10:10  Probe  
  53  10:16  Probe  
  53  10:18  Probe  
  54  10:28  Probe x2  
  57  10:40  Probe x2  
  59  10:52  Probe x2  
  60  11:00  Stalker x4  
  60  11:01  Stalker x4  
  76  11:05  Stalker  
  78  11:28  Stalker x4  
  86  11:46  Nexus  
  86  11:57  Stalker x2  
  90  12:06  Stalker x2  
  94  12:14  Templar Archives  
  94  12:26  Probe x2  
  96  12:34  Probe x2  
  96  12:37  Observer  
  96  12:43  Probe  
  96  12:44  Probe  
  101  12:52  Observer  
  101  12:54  High Templar  
  101  12:55  Probe, High Templar x3  
  101  12:58  Probe  
  112  12:59  Pylon  
  112  13:01  Archon  
  112  13:02  Archon, Pylon x2  
  112  13:07  Probe, Observer  
  112  13:12  High Templar x4  
  119  13:13  High Templar  
  119  13:16  Archon  
  119  13:17  Archon  
  124  13:30  Probe  
  124  13:31  Probe  
  125  13:34  Assimilator  
  125  13:38  Assimilator  
  125  13:39  Probe  
  126  13:42  Probe  
  128  13:54  Probe  
  114  13:59  High Templar  
  114  14:00  High Templar x2  
  120  14:03  Archon  
  120  14:04  Archon  
  120  14:06  Probe  
  121  14:18  Probe  
Tags
 
Add a new tag
Caveats
  • Supply blocks, unpowered buildings, or Contaminate may cause inaccurate times.
  • Supply counts are checked every 10 seconds.